 Dungeon Crawl Stone Soup version 0.18-a0-1203-gbde16db (webtiles) character file.

266 Chiseanne the Skirmisher (level 6, -1/52 HPs)
             Began as a Centaur Air Elementalist on Feb 1, 2016.
             Succumbed to poison (a potion of poison)
             ... on level 4 of the Dungeon.
             The game lasted 00:11:07 (3830 turns).

Chiseanne the Skirmisher (Centaur Air Elementalist) Turns: 3830, Time: 00:11:08

Health: -1/52      AC:  8    Str: 10    XL:     6   Next: 0%
Magic:  8/8        EV:  8    Int: 16    God:
Gold:   105        SH:  0    Dex: 10    Spells: 2 memorised, 5 levels left

rFire  . . .     SeeInvis .     s - +0 dagger (elec)
rCold  . . .     Gourm    .     g - +0 ring mail
rNeg   . . .     Faith    .     (no shield)
rPois  .         Spirit   .     (no helmet)
rElec  .         Dismiss  .     f - +0 cloak
rCorr  .         Reflect  .     r - +0 pair of gloves
SustAt .         Harm     .     (no barding)
MR     .....                    (no amulet)
Stlth  ..........               (no ring)
                                (no ring)

@: lethally poisoned (-1 -> -16), slowed, not resistant to hostile enchantments,
extremely unstealthy
A: hooves 3, deformed body, speed 2, tough skin 3
a: no special abilities


You were on level 4 of the Dungeon.
You were hungry.

You visited 1 branch of the dungeon, and saw 4 of its levels.

You collected 105 gold pieces.

Inventory:

Hand Weapons
 a - a +0 mace of protection
 s - a +0 dagger of electrocution (weapon)
Missiles
 h - 7 poisoned needles
 i - 5 tomahawks (quivered)
 q - 49 sling bullets
 y - 53 arrows
Armour
 e - a fire dragon hide
 f - a +0 cloak (worn)
 g - a +0 ring mail (worn)
 r - a +0 pair of gloves (worn)
Scrolls
 d - a scroll of remove curse
 o - a scroll of magic mapping
 v - a scroll of immolation
 x - 2 scrolls of fear
Potions
 l - 2 potions of brilliance
 m - 2 potions of resistance
 p - a potion of lignification
 w - a potion of poison
Books
 b - a book of Air

   Spells                             Type                      Level
   a - Shock                          Conjuration/Air              1
   b - Swiftness                      Charms/Air                   2
   c - Repel Missiles                 Charms/Air                   2
   d - Static Discharge               Conjuration/Air              3
   e - Lightning Bolt                 Conjuration/Air              5
Comestibles
 c - 6 bread rations
 j - 4 chunks of flesh
 k - a beef jerky
 n - 2 slices of pizza
 t - a meat ration
 u - 4 fruits


   Skills:
 * Level 4.1 Fighting
 * Level 2.9 Armour
 - Level 1.3 Dodging
 - Level 1.2 Stealth
 - Level 1.5 Spellcasting
 - Level 0.8 Conjurations
 - Level 2.6 Air Magic


You had 5 spell levels left.
You knew the following spells:

 Your Spells              Type           Power        Failure   Level  Hunger
a - Shock                 Conj/Air       #...         28%         1    ##.....
b - Repel Missiles        Chrm/Air       #.....       52%         2    ###....


Dungeon Overview and Level Annotations

Branches:
Dungeon (4/15)
 Temple: D:4-7

Altars:

Annotations:
D:4 Eustachio


Innate Abilities, Weirdness & Mutations

You have hooves in place of feet.
Armour fits poorly on your strangely shaped body.
You cover ground very quickly.
You have extremely tough skin (AC +3).


Message History

* * * LOW HITPOINT WARNING * * *
You closely miss the ufetubus. The ufetubus barely misses you. x2
The ufetubus hits you.
* * * LOW HITPOINT WARNING * * *
The ufetubus hits you but does no damage.
The iron imp hits you but does no damage.
The ufetubus hits you.
* * * LOW HITPOINT WARNING * * *
The ufetubus hits you.
* * * LOW HITPOINT WARNING * * *
You closely miss the ufetubus. Your kick misses the ufetubus.
The ufetubus hits you but does no damage.
The ufetubus closely misses you. The iron imp hits you!
* * * LOW HITPOINT WARNING * * *
The ufetubus barely misses you. The ufetubus closely misses you.
Drink which item? (? for menu, Esc to quit)
It was a potion of poison.
That liquid tasted very nasty...
You are lethally poisoned!
You die...

#### #.. ### #5#
### #.#### #@# #.#
####..... #5#
#.####........
##r###......##.....
#5r....###..##.....
#@#.##.# #........#
#.#.#### #.######.#
#...# #.######.#
##### #...##..รท.
###.##.###


You could see Eustachio, an iron imp, a crimson imp, an ufetubus and 2 rats.

Vanquished Creatures
  Blork the orc (D:4)
  An orc wizard (D:3)
  An orc priest (D:3)
  4 gnolls (D:4)
  5 adders
  11 orcs
  A ball python (D:3)
  A giant cockroach (D:1)
  7 goblins
  7 hobgoblins
  2 jackals (D:3)
  3 bats
  A giant newt (D:1)
  3 kobolds
  4 rats
52 creatures vanquished.

Notes
Turn   | Place    | Note
--------------------------------------------------------------
     0 | D:1      | Chiseanne the Centaur Air Elementalist began the quest for the Orb.
     0 | D:1      | Reached XP level 1. HP: 14/14 MP: 3/3
   507 | D:1      | Reached skill level 1 in Fighting
   850 | D:2      | You fall through a shaft!
   864 | D:3      | Reached XP level 2. HP: 21/23 MP: 4/4
  1390 | D:2      | Learned a level 2 spell: Repel Missiles
  1484 | D:3      | Reached skill level 1 in Armour
  1507 | D:3      | Reached XP level 3. HP: 23/29 MP: 5/5
  1854 | D:3      | Reached XP level 4. HP: 37/37 MP: 6/6
  2666 | D:3      | Reached skill level 3 in Fighting
  2868 | D:3      | Reached XP level 5. HP: 18/45 MP: 7/7
  3676 | D:4      | Noticed Blork the orc
  3754 | D:4      | Killed Blork the orc
  3754 | D:4      | Reached skill level 4 in Fighting
  3776 | D:4      | Reached XP level 6. HP: 40/52 MP: 8/8
  3803 | D:4      | Noticed Eustachio
  3829 | D:4      | HP: 2/52 [iron imp[Eustachio] (10)]
  3830 | D:4      | Succumbed to poison (a potion of poison)

Vault maps used:
D:1:      dpeg_arrival_chase
D:3:      first_bread
D:4:      lemuel_upstairs_altar, uniq_blork_the_orc, uniq_eustachio

Action                   |  1- 3 |  4- 6 || total
-------------------------+-------+-------++-------
Melee: Short sword       |    43 |       ||    43
       Mace              |    99 |    70 ||   169
       Dagger            |       |    53 ||    53
  Use: Scroll            |     9 |     3 ||    12
       Potion            |     3 |     4 ||     7
  Eat: Chunk             |     2 |     5 ||     7
